Map: Prion Terraces

Players

LiquidMaNa (MaNa) - Winner!

  • Race: Protoss Protoss

speaknow (ByuN)

  • Race: Terran Terran
  • League: Platinum

VOD

Have the link to the VOD?

Description

Time

  • Played on: Dec. 14, 2015, 10:30 p.m.
  • Length: 13:01
Show
View Real Time Build Order
Export as new Build Order

LiquidMaNa Protoss - Winner!

Build Orders: 1 Gate Expand, Blink Stalkers 

Get SALT Encoding   

  12  0:01  Probe (Chrono Boost)  
  13  0:11  Probe (Chrono Boost)  
  14  0:17  Pylon  
  14  0:22  Probe (Chrono Boost)  
  15  0:35  Probe (Chrono Boost)  
  16  0:36  Gateway  
  16  0:45  Probe (Chrono Boost)  
  17  1:07  Nexus  
  17  1:12  Probe (Chrono Boost)  
  17  1:17  Assimilator  
  18  1:22  Probe (Chrono Boost)  
  19  1:31  Cybernetics Core  
  19  1:33  Probe (Chrono Boost)  
  19  1:38  Assimilator  
  20  1:44  Probe (Chrono Boost)  
  21  1:51  Pylon  
  21  1:54  Probe (Chrono Boost)  
  22  2:05  Probe (Chrono Boost)  
  22  2:08  Warp Gate  
  23  2:12  Stalker  
  26  2:15  Probe (Chrono Boost)  
  26  2:21  Probe (Chrono Boost)  
  27  2:26  Probe (Chrono Boost)  
  27  2:31  Probe (Chrono Boost)  
  27  2:36  Probe (Chrono Boost)  
  29  2:37  Twilight Council  
  29  2:42  Probe (Chrono Boost)  
  30  2:47  Probe (Chrono Boost)  
  30  2:48  Stalker  
  33  2:52  Probe (Chrono Boost)  
  33  2:55  Assimilator  
  34  3:00  Probe (Chrono Boost)  
  34  3:03  Probe (Chrono Boost)  
  36  3:15  Robotics Facility  
  36  3:16  Probe x2 (Chrono Boost)  
  36  3:19  Blink (Chrono Boost)  
  38  3:24  Pylon  
  38  3:27  Probe  
  38  3:28  Probe  
  40  3:38  Probe  
  40  3:40  Probe  
  42  3:48  Mothership Core  
  42  3:49  Gateway  
  42  3:50  Gateway  
  42  3:53  Probe  
  45  4:00  Pylon  
  46  4:02  Observer (Chrono Boost)  
  46  4:05  Probe  
  46  4:08  Probe  
  47  4:12  Stalker  
  49  4:18  Probe  
  49  4:20  Probe  
  49  4:22  Pylon  
  52  4:24  Observer (Chrono Boost)  
  52  4:26  Assimilator  
  52  4:30  Probe  
  53  4:32  Probe  
  53  4:35  Stalker  
  56  4:42  Probe  
  56  4:45  Probe  
  59  4:46  Observer (Chrono Boost)  
  59  4:48  Stalker x2  
  63  4:54  Pylon  
  63  4:55  Probe  
  63  4:57  Probe  
  65  5:07  Sentry, Probe  
  66  5:08  Pylon  
  66  5:09  Probe  
  69  5:17  Resonating Glaives  
  69  5:18  Forge  
  69  5:19  Sentry x2, Probe (Chrono Boost)  
  69  5:20  Forge  
  75  5:22  Probe (Chrono Boost)  
  75  5:27  Immortal  
  79  5:30  Probe (Chrono Boost)  
  79  5:35  Probe (Chrono Boost)  
  81  5:40  Pylon  
  81  5:41  Probe (Chrono Boost)  
  82  5:47  Probe (Chrono Boost)  
  81  5:51  Probe (Chrono Boost)  
  81  5:53  Protoss Ground Weapons Level 1 (Chrono Boost), Protoss Ground Armor Level 1 (Chrono Boost)  
  78  5:59  Probe (Chrono Boost)  
  78  6:02  Probe (Chrono Boost)  
  80  6:04  Stalker  
  80  6:05  Stalker x2  
  80  6:11  Probe (Chrono Boost)  
  87  6:12  Probe (Chrono Boost)  
  87  6:16  Warp Prism  
  90  6:21  Probe  
  90  6:23  Probe  
  92  6:32  Nexus  
  92  6:35  Pylon  
  92  6:36  Probe x2  
  94  6:43  Pylon  
  94  6:48  Gateway x2  
  94  6:53  Gateway, Probe  
  93  7:10  Probe x2  
  93  7:11  Stalker x2  
  93  7:12  Immortal  
  93  7:14  Gateway  
  103  7:16  Pylon  
  103  7:26  Probe  
  103  7:27  Robotics Bay  
  104  7:30  Pylon  
  104  7:32  Pylon  
  104  7:37  Protoss Ground Armor Level 2 (Chrono Boost)  
  104  7:38  Photon Cannon  
  104  7:39  Photon Cannon  
  104  7:47  Protoss Ground Weapons Level 2 (Chrono Boost)  
  104  7:56  Adept x3  
  104  7:57  Adept  
  111  8:06  Adept x2  
  119  8:17  Disruptor (Chrono Boost)  
  119  8:18  Adept x3  
  119  8:19  Adept x2  
  128  8:25  Pylon  
  122  8:30  Adept x2  
  122  8:31  Pylon  
  126  8:44  Adept x5  
  136  8:50  Disruptor (Chrono Boost)  
  139  8:59  Stalker x2  
  133  9:13  Adept x4  
  133  9:14  Adept  
  133  9:15  Probe  
  115  9:20  Disruptor (Chrono Boost)  
  115  9:22  Adept x2  
  114  9:37  Stalker x4  
  114  9:38  Stalker  
  124  9:43  Assimilator  
  124  9:45  Assimilator  
  122  9:48  Sentry x2  
  122  9:49  Immortal  
  122  9:51  Nexus  
  126  10:03  Adept x5  
  114  10:30  Stalker x7  
  114  10:31  Immortal  
  132  10:44  Pylon  
  132  10:45  Pylon  
  132  10:47  Pylon  
  132  10:54  Sentry x2, Adept x3  
  142  11:06  Disruptor  
  142  11:10  Adept x2  
  117  11:29  Adept  
  117  11:30  Adept x6  
  125  11:35  Probe  
  125  11:37  Disruptor  
  127  11:47  Robotics Facility  
  127  11:51  Sentry  
  127  11:52  Zealot x6  
  141  11:55  Assimilator  
  141  12:00  Assimilator  
  141  12:08  Disruptor  
  136  12:17  Adept x3  
  136  12:18  Adept x3  
  142  12:29  Probe  
Show
View Real Time Build Order
Export as new Build Order

speaknow Terran 

Build Orders: MMM Bio, Banshee Rush 

Get SALT Encoding   

  12  0:00  SCV  
  13  0:13  SCV  
  14  0:17  Supply Depot  
  14  0:25  SCV  
  15  0:39  SCV  
  15  0:40  Barracks  
  16  0:44  Refinery  
  16  0:51  SCV  
  17  1:03  SCV  
  18  1:15  SCV  
  19  1:18  Supply Depot  
  19  1:30  Barracks Reactor  
  19  1:31  Orbital Command  
  19  1:55  Command Center  
  19  1:57  SCV  
  20  2:05  Factory  
  20  2:07  Marine x2  
  22  2:11  SCV  
  23  2:23  SCV  
  23  2:24  Marine x2  
  26  2:35  SCV  
  26  2:36  Refinery  
  27  2:42  Marine x2  
  29  2:47  SCV  
  29  2:49  Starport  
  29  2:50  Factory Tech Lab  
  30  2:59  SCV  
  31  3:07  Marine x2  
  31  3:08  Orbital Command  
  31  3:11  SCV  
  34  3:16  Supply Depot  
  34  3:23  SCV  
  34  3:24  Marine x2  
  37  3:31  Cloaking Field  
  37  3:32  Banshee  
  40  3:36  SCV x2  
  42  3:45  Marine x2  
  42  3:48  SCV x2  
  45  3:49  Factory Tech Lab  
  45  3:53  Supply Depot  
  46  4:00  SCV x2  
  48  4:05  Marine  
  48  4:06  Marine  
  50  4:12  SCV x2  
  50  4:15  Siege Tank  
  50  4:16  Bunker  
  55  4:20  Supply Depot  
  55  4:24  SCV x2  
  57  4:31  Supply Depot  
  57  4:32  Banshee  
  57  4:37  Marine x2  
  62  4:41  SCV x2  
  64  4:47  Supply Depot  
  64  4:49  Refinery  
  64  4:52  Siege Tank  
  67  4:56  SCV  
  67  4:57  SCV  
  69  5:00  Barracks  
  69  5:03  Barracks  
  69  5:06  Marine x2  
  71  5:09  SCV  
  71  5:10  SCV  
  73  5:15  Engineering Bay  
  73  5:21  SCV  
  73  5:22  SCV  
  73  5:24  Starport Reactor, Refinery, Marine x2  
  73  5:27  Siege Tank  
  80  5:34  SCV x2  
  80  5:35  Supply Depot  
  82  5:37  Supply Depot  
  82  5:44  Marine x2  
  82  5:46  SCV x2  
  83  6:03  Medivac x2  
  83  6:04  Terran Infantry Weapons Level 1  
  87  6:07  Factory Reactor, Marine x3  
  87  6:09  Stimpack  
  87  6:10  Marine  
  91  6:14  Barracks  
  91  6:15  Barracks  
  91  6:23  Combat Shields  
  91  6:29  Supply Depot  
  91  6:30  Command Center, Marine  
  91  6:31  Marine  
  92  6:36  Marauder  
  94  6:41  Marauder  
  96  6:47  Missile Turret  
  96  6:57  Marauder, Liberator x2  
  96  6:58  Marine x2  
  99  7:02  Marauder  
  99  7:12  Barracks Tech Lab  
  99  7:13  Factory Reactor  
  105  7:19  Marauder  
  105  7:20  Supply Depot  
  105  7:22  Supply Depot  
  107  7:23  Marauder  
  107  7:25  Marine  
  110  7:30  Marine  
  111  7:38  Marauder  
  111  7:40  Marauder  
  115  7:45  Marine x2, Marauder  
  115  7:46  Marine  
  115  7:50  SCV x2  
  122  7:53  Marine  
  120  8:00  Marauder  
  120  8:01  Widow Mine, Marauder  
  120  8:02  Widow Mine  
  120  8:03  Marine x3  
  131  8:06  Marauder  
  131  8:10  Supply Depot  
  131  8:11  Supply Depot, Marine  
  134  8:12  Terran Infantry Armor Level 1  
  134  8:17  Liberator  
  134  8:18  Liberator  
  134  8:20  Marine  
  134  8:21  Marauder, Marine x2  
  134  8:22  Marine  
  134  8:26  Concussive Shells  
  143  8:29  Orbital Command  
  143  8:40  Marine x2  
  143  8:41  Marine x2  
  149  8:44  Marauder  
  149  8:47  Marauder  
  151  8:57  Marine  
  151  8:58  Marine x2  
  151  8:59  Marine  
  155  9:03  Widow Mine x2  
  155  9:07  Liberator  
  155  9:09  Marine x3  
  126  9:10  Liberator  
  126  9:15  Marine  
  126  9:16  Marine x3  
  107  9:26  Marine  
  107  9:27  Marine, Marauder  
  109  9:32  Orbital Command  
  109  9:38  Marine x3  
  111  9:41  Marauder  
  114  9:46  SCV x2, Marauder  
  118  9:57  Armory  
  118  9:58  Engineering Bay  
  118  10:07  Marauder x2  
  118  10:10  Marine x2  
  118  10:11  Marine  
  110  10:14  Marauder  
  103  10:29  Marauder x2  
  103  10:30  Widow Mine, Medivac x2  
  115  10:35  Marauder  
  115  10:36  Marine x2  
  115  10:37  Marine x2  
  119  10:50  Marauder x2  
  119  10:55  Marine x4  
  129  10:57  Marauder  
  129  11:00  Command Center, Widow Mine x2  
  133  11:10  Medivac x2  
  120  11:11  Marauder  
  120  11:12  Marine, Marauder  
  120  11:13  Marine  
  120  11:18  Marauder, Marine x2  
  112  11:23  Liberator  
  96  11:27  Liberator  
  96  11:28  Widow Mine  
  96  11:30  Marine x2  
  98  11:33  Marauder x2  
  98  11:36  Marine  
  99  11:40  Marauder  
  105  11:48  Marine x2  
  109  11:54  Marauder x2  
  109  11:55  Barracks, Marine x2  
  109  11:57  Barracks x2  
  109  11:58  Widow Mine  
  109  12:01  Marauder  
  117  12:02  Missile Turret  
  117  12:06  Marine  
  116  12:14  Marine x2  
  106  12:15  Marauder  
  106  12:16  SCV x2, Marauder  
  106  12:18  SCV  
  106  12:22  Marauder  
  110  12:27  Marine  
  110  12:28  SCV x2  
  95  12:30  SCV, Marine  
  83  12:37  Marauder  
Tags
 
Add a new tag
Caveats
  • Supply blocks, unpowered buildings, or Contaminate may cause inaccurate times.
  • Supply counts are checked every 10 seconds.